TOP OF THE 1ST |
Savannah Hogs batting - Pitching for Pensacola Pilots : LHP António Dávila
|
Pitching: LHP António Dávila
|
|
Batting: RHB Ramón Gómez
|
0-0: Foul Ball, location: 2F 0-1: Foul Ball, location: 2F 0-2: Ball 1-2: Foul Ball, location: 2F 1-2: Ball 2-2: Ground out 4-3 (Groundball, 4)
|
Batting: RHB Jorge Chávez
|
0-0: Ball 1-0: Ball 2-0: Called Strike 2-1: Called Strike 2-2: Strikes out swinging
|
Batting: RHB Henry Haines
|
0-0: Foul Ball, location: 2F 0-1: SINGLE (Groundball, 34D)
|
Batting: LHB Guillermo Santos
|
0-0: Ball 1-0: Called Strike 1-1: Foul Ball, location: 2F 1-2: Ball 2-2: Strikes out swinging
|
Top of the 1st over - 0 run(s), 1 hit(s), 0 error(s), 1 left on base; Savannah 0 - Pensacola 0 |
BOTTOM OF THE 1ST |
Pensacola Pilots batting - Pitching for Savannah Hogs : RHP Esteban Ramírez
|
Pitching: RHP Esteban Ramírez
|
|
Batting: SHB José Velásquez
|
0-0: Ball 1-0: Foul Ball, location: 2F 1-1: Foul Ball, location: 2F 1-2: Ground out 3-1 (Groundball, 34S)
|
Batting: LHB Weston Chaney
|
0-0: Ball 1-0: Foul Ball, location: 2F 1-1: Called Strike 1-2: Ball 2-2: SINGLE (Flyball, 8LS)
|
Batting: RHB Aaron Grizzle
|
0-0: Grounds into double play, 6-4-3 (Groundball, 6)
|
Bottom of the 1st over - 0 run(s), 1 hit(s), 0 error(s), 0 left on base; Savannah 0 - Pensacola 0 |
TOP OF THE 2ND |
Savannah Hogs batting - Pitching for Pensacola Pilots : LHP António Dávila
|
Batting: LHB Juan Vásquez
|
0-0: Called Strike 0-1: Ball 1-1: Ball 2-1: SINGLE (Line Drive, 8LS)
|
Batting: LHB Miguel Medellín
|
0-0: Called Strike Throwing error on steal attempt, E2 Juan Vásquez to third 0-1: Called Strike 0-2: Ground out 1-3 (Groundball, 15S)
|
Batting: LHB Marv Gardner
|
0-0: Swinging Strike 0-1: Ball 1-1: Foul Ball, location: 2F 1-2: Foul Ball, location: 2F 1-2: Strikes out swinging
|
Batting: LHB Mario Álvarez
|
0-0: Swinging Strike 0-1: Ball 1-1: Foul Ball, location: 2F 1-2: Foul Ball, location: 2F 1-2: Strikes out looking
|
Top of the 2nd over - 0 run(s), 1 hit(s), 1 error(s), 1 left on base; Savannah 0 - Pensacola 0 |
BOTTOM OF THE 2ND |
Pensacola Pilots batting - Pitching for Savannah Hogs : RHP Esteban Ramírez
|
Batting: RHB Julian Lee
|
0-0: Foul Ball, location: 2F 0-1: Ball 1-1: Called Strike 1-2: Foul Ball, location: 2F 1-2: Strikes out swinging
|
Batting: LHB Nick Gamble
|
0-0: Fly out, F8 (Flyball, 8LM)
|
Batting: RHB Robert Rose
|
0-0: Called Strike 0-1: Ball 1-1: Ball Error on foul ball, E3 2-2: Fly out, F9 (Flyball, 9S)
|
Bottom of the 2nd over - 0 run(s), 0 hit(s), 1 error(s), 0 left on base; Savannah 0 - Pensacola 0 |
TOP OF THE 3RD |
Savannah Hogs batting - Pitching for Pensacola Pilots : LHP António Dávila
|
Batting: RHB Marlon Hernández
|
0-0: Called Strike 0-1: Swinging Strike 0-2: Foul Ball, location: 2F 0-2: Strikes out swinging
|
Batting: RHB Ramón Gómez
|
0-0: Ball 1-0: Called Strike 1-1: Called Strike 1-2: Strikes out swinging
|
Batting: RHB Jorge Chávez
|
0-0: Called Strike 0-1: SINGLE (Groundball, 56D)
|
Batting: RHB Henry Haines
|
0-0: Ball 1-0: Swinging Strike 1-1: Ball 2-1: Called Strike 2-2: Strikes out swinging
|
Top of the 3rd over - 0 run(s), 1 hit(s), 0 error(s), 1 left on base; Savannah 0 - Pensacola 0 |
BOTTOM OF THE 3RD |
Pensacola Pilots batting - Pitching for Savannah Hogs : RHP Esteban Ramírez
|
Batting: SHB Ángel González
|
0-0: Ball 1-0: Ball 2-0: Called Strike 2-1: Ball 3-1: Ground out 4-3 (Groundball, 4)
|
Batting: RHB Jeff Bergeron
|
0-0: Foul Ball, location: 2F 0-1: Ball 1-1: Foul Ball, location: 2F 1-2: Strikes out swinging
|
Batting: RHB José Ramos
|
0-0: DOUBLE (Flyball, 7)
|
Batting: SHB José Velásquez
|
0-0: Ground out 4-3 (Groundball, 4)
|
Bottom of the 3rd over - 0 run(s), 1 hit(s), 0 error(s), 1 left on base; Savannah 0 - Pensacola 0 |
TOP OF THE 4TH |
Savannah Hogs batting - Pitching for Pensacola Pilots : LHP António Dávila
|
Batting: LHB Guillermo Santos
|
0-0: Ball 1-0: Foul Ball, location: 2F 1-1: SINGLE (Line Drive, 9S)
|
Batting: LHB Juan Vásquez
|
0-0: DOUBLE (Flyball, 89D) Guillermo Santos to third
|
Batting: LHB Miguel Medellín
|
0-0: DOUBLE (Line Drive, 7) Guillermo Santos scores Juan Vásquez scores
|
Batting: LHB Marv Gardner
|
0-0: Ball Passed Ball! Miguel Medellín to third 1-0: Ball 2-0: Ball 3-0: Called Strike 3-1: Ground out 3-1 (Groundball, 34) Miguel Medellín scores
|
Batting: LHB Mario Álvarez
|
0-0: Fly out, F7 (Flyball, 7S)
|
Batting: RHB Marlon Hernández
|
0-0: Foul Ball, location: 2F 0-1: Fly out, F9 (Flyball, 9)
|
Top of the 4th over - 3 run(s), 3 hit(s), 0 error(s), 0 left on base; Savannah 3 - Pensacola 0 |
BOTTOM OF THE 4TH |
Pensacola Pilots batting - Pitching for Savannah Hogs : RHP Esteban Ramírez
|
Batting: LHB Weston Chaney
|
0-0: Called Strike 0-1: Swinging Strike 0-2: Ball 1-2: Ball 2-2: Foul Ball, location: 2F 2-2: Foul Ball, location: 2F 2-2: DOUBLE (Line Drive, 9LM)
|
Batting: RHB Aaron Grizzle
|
0-0: Called Strike 0-1: Ball 1-1: Called Strike 1-2: Foul Ball, location: 2F 1-2: Strikes out swinging
|
Batting: RHB Julian Lee
|
0-0: Ground out 6-3 (Groundball, 6)
|
Batting: LHB Nick Gamble
|
0-0: Foul Ball, location: 2F 0-1: Ball 1-1: Ball 2-1: Ground out 4-3 (Groundball, 4)
|
Bottom of the 4th over - 0 run(s), 1 hit(s), 0 error(s), 1 left on base; Savannah 3 - Pensacola 0 |
TOP OF THE 5TH |
Savannah Hogs batting - Pitching for Pensacola Pilots : LHP António Dávila
|
Batting: RHB Ramón Gómez
|
0-0: Foul Ball, location: 2F 0-1: SINGLE (Groundball, 6) (infield hit)
|
Batting: RHB Jorge Chávez
|
Pickoff Throw to First - Error! E1 Ramón Gómez to second 0-0: Swinging Strike 0-1: Called Strike 0-2: Ball 1-2: Fly out, F4 (Popup, 4)
|
Batting: RHB Henry Haines
|
0-0: Ball 1-0: Ball 2-0: Called Strike 2-1: Ball 3-1: Called Strike 3-2: Base on Balls
|
Batting: LHB Guillermo Santos
|
0-0: Ball 1-0: Fielders Choice at 2nd, 3-6 (Groundball, 34) Ramón Gómez to third
|
Batting: LHB Juan Vásquez
|
0-0: Called Strike 0-1: Ball 1-1: Ball 2-1: Foul Ball, location: 2F 2-2: Fly out, F7 (Flyball, 7S)
|
Top of the 5th over - 0 run(s), 1 hit(s), 1 error(s), 2 left on base; Savannah 3 - Pensacola 0 |
BOTTOM OF THE 5TH |
Pensacola Pilots batting - Pitching for Savannah Hogs : RHP Esteban Ramírez
|
Batting: RHB Robert Rose
|
0-0: Ball 1-0: Called Strike 1-1: Foul Ball, location: 2F 1-2: Strikes out swinging
|
Batting: SHB Ángel González
|
0-0: Ball 1-0: Foul Ball, location: 2F 1-1: DOUBLE (Line Drive, 9LM)
|
Batting: RHB Jeff Bergeron
|
0-0: Foul Ball, location: 2F 0-1: Called Strike 0-2: Strikes out swinging
|
Batting: RHB José Ramos
|
0-0: 2-RUN HOME RUN (Flyball, 7D), Distance : 403 ft
|
Batting: SHB José Velásquez
|
0-0: Ball 1-0: Ball 2-0: Ball 3-0: Base on Balls
|
Batting: LHB Weston Chaney
|
0-0: Ball José Velásquez is caught stealing 2nd base
|
Bottom of the 5th over - 2 run(s), 2 hit(s), 0 error(s), 0 left on base; Savannah 3 - Pensacola 2 |
TOP OF THE 6TH |
Savannah Hogs batting - Pitching for Pensacola Pilots : LHP António Dávila
|
Batting: LHB Miguel Medellín
|
0-0: Ball 1-0: Ball 2-0: Ground out U3 (Groundball, 34)
|
Pitching: RHP Manuel Cadenas
|
|
Batting: LHB Marv Gardner
|
0-0: Ball 1-0: Called Strike 1-1: SINGLE (Groundball, 34D)
|
Batting: LHB Mario Álvarez
|
0-0: Called Strike 0-1: Foul Ball, location: 2F 0-2: Ball 1-2: Ball 2-2: Strikes out swinging
|
Batting: RHB Marlon Hernández
|
0-0: Ball 1-0: Ball 2-0: Foul Ball, location: 2F 2-1: Fielders Choice at 2nd, 5-4 (Groundball, 5)
|
Top of the 6th over - 0 run(s), 1 hit(s), 0 error(s), 0 left on base; Savannah 3 - Pensacola 2 |
BOTTOM OF THE 6TH |
Pensacola Pilots batting - Pitching for Savannah Hogs : RHP Esteban Ramírez
|
Batting: LHB Weston Chaney
|
0-0: Ball 1-0: Ball 2-0: Foul Ball, location: 2F 2-1: Ball 3-1: Called Strike 3-2: Base on Balls
|
Batting: RHB Aaron Grizzle
|
0-0: Called Strike 0-1: Called Strike 0-2: Ball 1-2: Strikes out swinging
|
Batting: RHB Julian Lee
|
0-0: Ball 1-0: Ball 2-0: SINGLE (Groundball, 4MD) Weston Chaney to second
|
Batting: LHB Nick Gamble
|
0-0: Foul Ball, location: 2F 0-1: SINGLE (Flyball, 8LM) Weston Chaney to third Julian Lee to second
|
Batting: RHB Robert Rose
|
0-0: Ball 1-0: Foul Ball, location: 2F 1-1: Ball 2-1: Foul Ball, location: 2F 2-2: Grounds into fielders choice 5-2 (Groundball, 56) Julian Lee to third Nick Gamble to second
|
Pitching: RHP António Baca
|
|
Batting: SHB Ángel González
|
0-0: SINGLE (Flyball, 78S) Julian Lee scores Nick Gamble to third Robert Rose to second Throwing error, E7 Nick Gamble scores Robert Rose to third Ángel González to second
|
Batting: RHB Jeff Bergeron
|
0-0: Swinging Strike 0-1: Foul Ball, location: 2F 0-2: Ball 1-2: Strikes out looking
|
Bottom of the 6th over - 2 run(s), 3 hit(s), 1 error(s), 2 left on base; Savannah 3 - Pensacola 4 |
TOP OF THE 7TH |
Savannah Hogs batting - Pitching for Pensacola Pilots : RHP Manuel Cadenas
|
Batting: RHB Ramón Gómez
|
0-0: SINGLE (Line Drive, 78M)
|
Pinch Hitting: RHB Miguel Cervantes
|
0-0: Called Strike Ramón Gómez steals 2nd base 0-1: Swinging Strike 0-2: Ball 1-2: SINGLE (Groundball, 56D) Ramón Gómez to third Throwing error, E7 Ramón Gómez scores Miguel Cervantes to second
|
Batting: RHB Henry Haines
|
0-0: Ball 1-0: Foul Ball, location: 2F 1-1: Called Strike 1-2: Ball 2-2: Foul Ball, location: 2F 2-2: Ball 3-2: Base on Balls
|
Batting: LHB Guillermo Santos
|
0-0: Swinging Strike 0-1: Swinging Strike 0-2: Ball 1-2: Strikes out looking
|
Batting: LHB Juan Vásquez
|
0-0: Fly out, F8 (Flyball, 8RM)
|
Batting: LHB Miguel Medellín
|
0-0: Called Strike 0-1: Ball 1-1: Foul Ball, location: 2F 1-2: Ball 2-2: Ball 3-2: Ground out U3 (Groundball, 34)
|
Top of the 7th over - 1 run(s), 2 hit(s), 1 error(s), 2 left on base; Savannah 4 - Pensacola 4 |
BOTTOM OF THE 7TH |
Pensacola Pilots batting - Pitching for Savannah Hogs : RHP António Baca
|
Now in LF: Miguel Cervantes
|
|
Batting: RHB José Ramos
|
0-0: Ball 1-0: Ball 2-0: Called Strike 2-1: Ball 3-1: Base on Balls
|
Batting: SHB José Velásquez
|
0-0: Sac Bunt - play at first, batter OUT! 5-4 José Ramos to second
|
Batting: LHB Weston Chaney
|
0-0: Intentional Walk
|
Pinch Hitting: LHB Brenton Carter
|
0-0: Called Strike 0-1: Swinging Strike 0-2: Ball 1-2: Grounds into double play, 4-6-3 (Groundball, 4D)
|
Bottom of the 7th over - 0 run(s), 0 hit(s), 0 error(s), 1 left on base; Savannah 4 - Pensacola 4 |
TOP OF THE 8TH |
Savannah Hogs batting - Pitching for Pensacola Pilots : RHP Manuel Cadenas
|
Now at 3B: Markus Cummins
|
|
Batting: LHB Marv Gardner
|
0-0: Ball 1-0: Foul Ball, location: 2F 1-1: SINGLE (Groundball, 34D)
|
Pinch Runner at 1st Jorge Garza:
|
|
Batting: LHB Mario Álvarez
|
0-0: Ball Wild Pitch! Jorge Garza to second 1-0: Foul Ball, location: 2F 1-1: Foul Ball, location: 2F 1-2: SINGLE (Flyball, 89S) Jorge Garza to third
|
Pinch Hitting: LHB Marv Alexander
|
0-0: Swinging Strike 0-1: Ball 1-1: Ball 2-1: SINGLE (Flyball, 8LS) Jorge Garza scores Mario Álvarez to second
|
Pitching: RHP Pedro Bueno
|
|
Batting: RHB Ramón Gómez
|
0-0: Bunted foul 0-1: Bunted foul 0-2: Fielders Choice at 2nd, 1-6 (Groundball, 13S) Mario Álvarez to third
|
Batting: RHB Miguel Cervantes
|
0-0: Called Strike Ramón Gómez steals 2nd base 0-1: Ball 1-1: Intentional Walk
|
Batting: RHB Henry Haines
|
0-0: Ball 1-0: Ball 2-0: Ball 3-0: Called Strike 3-1: Foul Ball, location: 2F 3-2: Base on Balls Mario Álvarez scores Ramón Gómez to third Miguel Cervantes to second
|
Batting: LHB Guillermo Santos
|
0-0: Ball 1-0: Swinging Strike 1-1: Grounds into fielders choice 3-2 (Groundball, 34) Miguel Cervantes to third Henry Haines to second
|
Batting: LHB Juan Vásquez
|
0-0: Called Strike 0-1: Ball 1-1: Ball 2-1: Called Strike 2-2: Strikes out swinging
|
Top of the 8th over - 2 run(s), 3 hit(s), 0 error(s), 3 left on base; Savannah 6 - Pensacola 4 |
BOTTOM OF THE 8TH |
Pensacola Pilots batting - Pitching for Savannah Hogs : RHP António Baca
|
Now at 1B: Ernesto Gómez
|
|
Now at SS: Jorge Garza
|
|
Batting: RHB Julian Lee
|
0-0: Ball 1-0: Ball 2-0: Ball 3-0: Called Strike 3-1: Base on Balls
|
Pitching: LHP Kees Asmus
|
|
Batting: LHB Nick Gamble
|
0-0: Called Strike 0-1: Ball 1-1: Foul Ball, location: 2F 1-2: Ball 2-2: 2-RUN HOME RUN (Flyball, 89XD), Distance : 431 ft
|
Pitching: RHP Manuel Silva
|
|
Pinch Hitting: RHB Jesús Sánchez
|
0-0: Ball 1-0: Ball 2-0: Ball 3-0: Called Strike 3-1: Base on Balls
|
Pinch Runner at 1st Bill Stephenson:
|
|
Batting: SHB Ángel González
|
0-0: Ball Bill Stephenson steals 2nd base 1-0: Intentional Walk
|
Pinch Hitting: RHB Jorge Domínguez
|
0-0: Ball 1-0: Foul Ball, location: 2F 1-1: Ball 2-1: Foul Ball, location: 2F 2-2: Grounds into double play, 6-4-3 (Groundball, 6) Bill Stephenson to third
|
Batting: RHB José Ramos
|
0-0: Foul Ball, location: 2F 0-1: Ball 1-1: DOUBLE (Flyball, 9) Bill Stephenson scores
|
Pinch Hitting: LHB Ricardo García
|
0-0: Ball 1-0: Foul Ball, location: 2F 1-1: Swinging Strike 1-2: Strikes out swinging
|
Bottom of the 8th over - 3 run(s), 2 hit(s), 0 error(s), 1 left on base; Savannah 6 - Pensacola 7 |
TOP OF THE 9TH |
Savannah Hogs batting - Pitching for Pensacola Pilots : RHP Pedro Bueno
|
Pitching: RHP Scott Willerton
|
|
Now at 1B: Fernando Gutiérrez
|
|
Now at 3B: Jorge Domínguez
|
|
Now at SS: Armando Domínguez
|
|
Now in CF: Ricardo García
|
|
Batting: LHB Miguel Medellín
|
0-0: Ball 1-0: Ball 2-0: Called Strike 2-1: Foul Ball, location: 2F 2-2: Ball 3-2: Foul Ball, location: 2F 3-2: SINGLE (Groundball, 56D)
|
Batting: RHB Jorge Garza
|
0-0: Ball 1-0: Sac Bunt - play at first, batter OUT! 1-4 Miguel Medellín to second
|
Batting: LHB Mario Álvarez
|
0-0: Ball 1-0: Swinging Strike 1-1: Foul Ball, location: 2F 1-2: Ball 2-2: Ball 3-2: Foul Ball, location: 2F 3-2: Base on Balls
|
Pinch Hitting: SHB Juan Chávez
|
0-0: Ball 1-0: Ball 2-0: Foul Ball, location: 2F 2-1: Foul Ball, location: 2F 2-2: Foul Ball, location: 2F 2-2: Ball 3-2: Grounds into double play, 4-6-3 (Groundball, 4)
|
Top of the 9th over - 0 run(s), 1 hit(s), 0 error(s), 1 left on base; Savannah 6 - Pensacola 7 |
|